[Event "Titled Tuesday Blitz November 07 Early 2023"]
[White "Mystery2007"]
[Black "Petrova, Irina"]
[BlackFideId "14124122"]
[WhiteElo "2477"]
[BlackElo "2312"]
[Result "0-1"]
[Round "5"]
[TimeControl "180+1"]
[Date "2023.11.07"]
[WhiteClock "0:00:20"]
[BlackClock "0:00:10"]
[Board "178"]

1. c4 d6 2. g3 e5 3. Bg2 Nc6 4. Nc3 Be6 5. d3 f5 6. Nf3 Nf6 7. O-O g6 8. Ng5 Bd7 9. Nd5 Bg7 10. h4 O-O 11. Rb1 h6 12. Nf3 Be6 13. Ne1 Qd7 14. Nxf6+ Rxf6 15. b4 Raf8 16. b5 Nd8 17. Nc2 f4 18. d4 fxg3 19. fxg3 Rxf1+ 20. Bxf1 Bh3 21. Bg2 Bxg2 22. Kxg2 Ne6 23. dxe5 Qf7 24. Be3 Bxe5 25. Qd5 Kh7 26. Qxb7 Nc5 27. Bxc5 dxc5 28. Qf3 Qe7 29. Qe4 Qf6 30. Qf3 Qe7 31. Qe3 Qf6 32. Qxc5 Qf5 33. Ne3 Qf2+ 34. Kh1 Bxg3 35. Ng4 Qf5 36. Qxf5 gxf5 37. Ne3 Bxh4 38. Nd5 Bd8 39. Kg2 Re8 40. Kf3 Re6 41. Rb3 a6 42. a4 axb5 43. axb5 c6 44. Nf4 Rd6 45. b6 Rd4 46. b7 Bc7 47. b8=Q Rxf4+ 48. Ke3 Bxb8 49. Rxb8 Rxc4 50. Rb7+ Kg6 51. Rc7 Kg5 52. Kd3 Rc1 53. Rg7+ Kf6 54. Rh7 Kg6 55. Re7 h5 56. Ke3 h4 57. Kf4 Rc4+ 58. Kf3 h3 59. Re8 Rc3+ 60. e3 c5 61. Rh8 c4 62. Rxh3 Rc1 63. Rh8 c3 64. Rc8 c2 65. Kg2 Kf6 66. Rc5 Ke6 67. Kh2 Kd6 68. Rc8 Kd5 69. Kg2 Ke4 70. Re8+ Kd3 71. Rd8+ Kxe3 72. Rc8 f4 73. Re8+ Kd3 74. Rd8+ Ke4 75. Re8+ Kd4 76. Rd8+ Ke5 77. Re8+ Kd6 78. Rc8 f3+ 79. Kxf3 Rf1+ 80. Ke2 c1=Q 81. Rxc1 Rxc1 82. Kd2 Rc5 83. Kd3 Kd5 84. Ke3 Rc4 85. Kd3 Ra4 86. Kc3 Rd4 87. Kb3 Kc5 88. Kc3 Rg4 89. Kd3 Rh4 90. Ke3 Kd5 91. Kf3 Ke5 92. Kg3 Ra4 93. Kf3 Rb4 94. Ke3 Rb3+ 95. Kd2 Ke4 96. Kc2 Rh3 97. Kd2 Rg3 98. Kc2 Kd4 99. Kd2 Rg2+ 100. Ke1 Ke3 101. Kf1 Ra2 102. Kg1 Kf3 103. Kh1 Kg3 104. Kg1 Ra1# 0-1


[Site "https://www.chess.com"]

[Event "Titled Tuesday Blitz November 07 Early 2023"]
[White "Barbot, Pierre"]
[Black "Dinu, Dumitru-Daniel"]
[WhiteFideId "663727"]
[BlackFideId "1208403"]
[WhiteElo "2308"]
[BlackElo "2471"]
[Result "0-1"]
[Round "5"]
[TimeControl "180+1"]
[Date "2023.11.07"]
[WhiteClock "0:00:00"]
[BlackClock "0:01:26"]
[Board "179"]

1. e4 d5 2. exd5 Nf6 3. Nc3 Nxd5 4. d4 Nxc3 5. bxc3 g6 6. Bc4 Bg7 7. Nf3 O-O 8. O-O c5 9. h3 Nc6 10. Be3 Qa5 11. Qe1 Bf5 12. Rc1 Rac8 13. g4 Bd7 14. Rb1 b6 15. dxc5 bxc5 16. Rb7 Rfd8 17. Qe2 Qxc3 18. Ng5 Ne5 19. Bd5 Bc6 20. Bxc6 Rxc6 21. Nf3 Nxf3+ 22. Qxf3 Rf6 23. Qg2 Qxc2 24. Rc1 Rd1+ 25. Rxd1 Qxd1+ 26. Kh2 h5 27. gxh5 Qxh5 28. Rb8+ Kh7 29. Qe4 Rf3 0-1


[Site "https://www.chess.com"]

[Event "Titled Tuesday Blitz November 07 Early 2023"]
[White "Davidson, Kevin"]
[Black "Lopez Martinez, Josep Manuel"]
[WhiteFideId "2056810"]
[BlackFideId "2212943"]
[WhiteElo "2305"]
[BlackElo "2467"]
[Result "0-1"]
[Round "5"]
[TimeControl "180+1"]
[Date "2023.11.07"]
[WhiteClock "0:00:00"]
[BlackClock "0:01:08"]
[Board "180"]

1. e4 c5 2. Nf3 d6 3. d4 cxd4 4. Nxd4 Nf6 5. Nc3 a6 6. h3 h5 7. Bg5 e6 8. f4 Be7 9. Qf3 Qc7 10. O-O-O Nbd7 11. Bd3 b5 12. g4 Bb7 13. Kb1 b4 14. Nce2 Nc5 15. Bxf6 gxf6 16. gxh5 f5 17. Ng3 Bh4 18. Rhg1 O-O-O 19. Qe3 Bxg3 20. Rxg3 fxe4 21. Be2 Kb8 22. Rg7 Rc8 23. Rdg1 e5 24. fxe5 dxe5 25. Nb3 Ne6 26. R7g2 f5 27. Bd1 f4 28. Qd2 e3 29. Qxb4 Rhd8 30. Bf3 Nd4 31. Nxd4 exd4 32. Qxb7+ Qxb7 33. Bxb7 Kxb7 34. h6 f3 35. Rg7+ Rc7 36. Rxc7+ Kxc7 37. Rg7+ Kd6 38. Rf7 f2 0-1


[Site "https://www.chess.com"]

[Event "Titled Tuesday Blitz November 07 Early 2023"]
[White "Schut, Han"]
[Black "Haitin, Ilja"]
[WhiteFideId "1005561"]
[BlackFideId "4501764"]
[WhiteElo "2303"]
[BlackElo "2447"]
[Result "0-1"]
[Round "5"]
[TimeControl "180+1"]
[Date "2023.11.07"]
[WhiteClock "0:00:50"]
[BlackClock "0:01:05"]
[Board "181"]

1. e4 e5 2. Nf3 Nc6 3. Bc4 d6 4. d4 Nf6 5. Nc3 Be7 6. Bb5 exd4 7. Nxd4 Bd7 8. Be2 O-O 9. O-O Re8 10. Bf4 Nxd4 11. Qxd4 Bc6 12. Rfe1 Nd7 13. Rad1 Bf6 14. Qd2 Bxc3 15. Qxc3 Bxe4 16. Bb5 c6 17. Rxd6 cxb5 18. Qd4 Bc6 19. Rd1 Qe7 20. h3 Nf6 21. Bg5 Qe4 22. Bxf6 Qxg2# 0-1


[Site "https://www.chess.com"]

[Event "Titled Tuesday Blitz November 07 Early 2023"]
[White "Rasmussen, Casper"]
[Black "Musalov, Ruslan"]
[WhiteFideId "1402005"]
[BlackFideId "4141490"]
[WhiteElo "2294"]
[BlackElo "2446"]
[Result "1-0"]
[Round "5"]
[TimeControl "180+1"]
[Date "2023.11.07"]
[WhiteClock "0:00:19"]
[BlackClock "0:00:00"]
[Board "182"]

1. c4 Nf6 2. g3 g6 3. Bg2 Bg7 4. Nc3 O-O 5. d3 d6 6. Bg5 c6 7. Qd2 Nbd7 8. Bh6 e5 9. h4 Qb6 10. Bxg7 Kxg7 11. h5 a5 12. Nf3 Kg8 13. Ng5 Nc5 14. O-O-O a4 15. hxg6 fxg6 16. Nxh7 Nxh7 17. Qh6 Qc7 18. Qxg6+ Qg7 19. Qxd6 Ne6 20. Be4 Nhg5 21. f4 Nxe4 22. Nxe4 Qc7 23. fxe5 Qxd6 24. Nxd6 Nd4 25. e3 Nf5 26. e4 Nxd6 27. exd6 Be6 28. e5 Kg7 29. Rdf1 Rxf1+ 30. Rxf1 Rf8 31. Rxf8 Kxf8 32. b3 axb3 33. axb3 c5 34. Kd2 Kg7 35. Ke3 Kg6 36. d4 b6 37. d5 Bg8 38. Kf4 Kf7 39. e6+ Ke8 40. Ke5 Kd8 41. Kf6 Bh7 42. g4 Bc2 43. g5 Bxb3 44. Kf7 b5 45. e7+ 1-0


[Site "https://www.chess.com"]

[Event "Titled Tuesday Blitz November 07 Early 2023"]
[White "Boraso, Alessio"]
[Black "Garrido, Denis"]
[WhiteFideId "848077"]
[BlackFideId "601217"]
[WhiteElo "2445"]
[BlackElo "2293"]
[Result "0-1"]
[Round "5"]
[TimeControl "180+1"]
[Date "2023.11.07"]
[WhiteClock "0:00:00"]
[BlackClock "0:00:14"]
[Board "183"]

1. a3 g6 2. g3 Bg7 3. Bg2 Nf6 4. Nf3 O-O 5. O-O d6 6. d3 e5 7. c4 a5 8. Nc3 Nc6 9. Bd2 Nh5 10. Ne1 f5 11. Nd5 h6 12. b4 axb4 13. axb4 Rxa1 14. Qxa1 Ne7 15. Qa8 c6 16. Nxe7+ Qxe7 17. b5 c5 18. Nc2 f4 19. Ba5 Qg5 20. Qb8 fxg3 21. hxg3 Qf6 22. Ne3 Be6 23. Qxb7 Nf4 24. gxf4 exf4 25. Qf3 Qg5 26. Nc2 Be5 27. Bd2 Kh8 28. b6 Bg4 29. b7 Bxf3 30. exf3 Rb8 31. Rb1 Qe7 32. d4 cxd4 33. Nb4 Rxb7 34. Ra1 Qc7 35. Nd5 Qxc4 36. Ra8+ Kg7 37. Bxf4 Qxd5 38. Bd2 Rb2 39. f4 Rb1+ 40. Kh2 Bxf4+ 0-1


[Site "https://www.chess.com"]

[Event "Titled Tuesday Blitz November 07 Early 2023"]
[White "Savitha Shri B"]
[Black "De Souza, Cristiano Gomes"]
[WhiteFideId "35061887"]
[BlackFideId "2151758"]
[WhiteElo "2440"]
[BlackElo "2279"]
[Result "1-0"]
[Round "5"]
[TimeControl "180+1"]
[Date "2023.11.07"]
[WhiteClock "0:00:43"]
[BlackClock "0:00:00"]
[Board "184"]

1. e4 c5 2. Nf3 d6 3. b4 cxb4 4. a3 bxa3 5. Bxa3 Nc6 6. d4 e6 7. d5 Ne5 8. Nxe5 dxe5 9. Bxf8 Kxf8 10. c4 Nf6 11. Nc3 g6 12. Be2 Kg7 13. O-O a6 14. f4 exd5 15. cxd5 Qb6+ 16. Kh1 Qd4 17. fxe5 Qxe5 18. Qb3 Re8 19. Bf3 h5 20. Na4 Bg4 21. Nc5 Bxf3 22. gxf3 Rac8 23. Rac1 Rc7 24. Nd3 Qd6 25. e5 Rxc1 26. exf6+ Qxf6 27. Nxc1 Qf4 28. Qc3+ Kh7 29. Qd3 Re3 30. Qd2 Qe5 31. d6 1-0


[Site "https://www.chess.com"]

[Event "Titled Tuesday Blitz November 07 Early 2023"]
[White "Akylbek2021"]
[Black "Novikova, Galina"]
[BlackFideId "4157095"]
[WhiteElo "2245"]
[BlackElo "2433"]
[Result "1-0"]
[Round "5"]
[TimeControl "180+1"]
[Date "2023.11.07"]
[WhiteClock "0:00:07"]
[BlackClock "0:00:00"]
[Board "185"]

1. e4 e6 2. d4 d5 3. Nd2 Nc6 4. Ngf3 g5 5. c3 Qf6 6. e5 Qg7 7. Bb5 Bd7 8. Nf1 h6 9. Ng3 f6 10. Qc2 O-O-O 11. Nh5 Qf7 12. exf6 Nxf6 13. Bxc6 Bxc6 14. Nxf6 Qxf6 15. Be3 Bd6 16. O-O-O Be8 17. Rhe1 Kb8 18. Nd2 Bg6 19. Qa4 Qf5 20. b4 Rhf8 21. Kb2 h5 22. h3 Rde8 23. f3 Bg3 24. Rf1 Bf4 25. Bxf4 Qxf4 26. Nb3 b6 27. Qa6 Qf5 28. Rf2 g4 29. hxg4 hxg4 30. Ka3 Qf7 31. Nc5 1-0


[Site "https://www.chess.com"]

[Event "Titled Tuesday Blitz November 07 Early 2023"]
[White "crazy_m_attack"]
[Black "Ruge, Edison"]
[BlackFideId "4401000"]
[WhiteElo "2433"]
[BlackElo "2260"]
[Result "0-1"]
[Round "5"]
[TimeControl "180+1"]
[Date "2023.11.07"]
[WhiteClock "0:00:11"]
[BlackClock "0:01:43"]
[Board "186"]

1. e4 e5 2. Nf3 Nc6 3. Bb5 f5 4. Nc3 fxe4 5. Nxe4 Nf6 6. d3 d5 7. Nxf6+ Qxf6 8. Bg5 Qf5 9. Qe2 Bd6 10. O-O-O O-O 11. Rde1 Nd4 12. Nxd4 Qxg5+ 13. Kb1 exd4 14. f3 c6 15. Ba4 b5 16. Bb3 Bd7 17. h4 Qf6 18. Qf2 Rae8 19. h5 a5 20. a4 b4 21. h6 g6 22. c3 bxc3 23. bxc3 Rxe1+ 24. Rxe1 dxc3 25. Kc2 Re8 26. Rxe8+ Bxe8 27. Qa7 Qe7 28. Qa8 Bb4 29. Kd1 Kf7 30. Bc2 Qe3 31. Qa7+ Qxa7 0-1


[Site "https://www.chess.com"]

[Event "Titled Tuesday Blitz November 07 Early 2023"]
[White "Polaczek, Richard"]
[Black "Sarkar, Justin"]
[WhiteFideId "200026"]
[BlackFideId "2010011"]
[WhiteElo "2426"]
[BlackElo "2228"]
[Result "1-0"]
[Round "5"]
[TimeControl "180+1"]
[Date "2023.11.07"]
[WhiteClock "0:00:37"]
[BlackClock "0:00:00"]
[Board "187"]

1. d4 Nf6 2. Bg5 c5 3. Bxf6 gxf6 4. d5 d6 5. c4 Bg7 6. Nc3 f5 7. Qc2 Na6 8. g3 O-O 9. Bh3 Qa5 10. Nf3 Nb4 11. Qd2 e6 12. O-O Na6 13. Rac1 Rd8 14. Qg5 h6 15. Qh5 Qc7 16. Rfd1 Qe7 17. Nb5 Nc7 18. Nxc7 Qxc7 19. Nd2 a6 20. e4 fxe4 21. Nxe4 Qe7 22. dxe6 1-0


[Site "https://www.chess.com"]

[Event "Titled Tuesday Blitz November 07 Early 2023"]
[White "Rios Escobar, Adan"]
[Black "knightinshiningarmour16"]
[WhiteFideId "3403645"]
[WhiteElo "2422"]
[BlackElo "2167"]
[Result "1-0"]
[Round "5"]
[TimeControl "180+1"]
[Date "2023.11.07"]
[WhiteClock "0:00:29"]
[BlackClock "0:01:52"]
[Board "188"]

1. d4 Nf6 2. g3 e6 3. c3 d5 4. Nf3 c6 5. Bg2 Bd6 6. O-O O-O 7. b4 Nbd7 8. a4 e5 9. a5 a6 10. Bg5 Re8 11. e3 h6 12. Bxf6 Nxf6 13. Nbd2 e4 14. Ne1 Bg4 15. f3 exf3 16. Bxf3 Bxf3 17. Rxf3 Ne4 18. Nxe4 Rxe4 19. Ng2 Qd7 20. Qd3 Rae8 21. Raf1 Qe6 22. Rxf7 Qxf7 23. Rxf7 Kxf7 24. Qf1+ Kg8 25. Qf5 Be7 26. Qd7 Bg5 27. Qxb7 Bxe3+ 28. Nxe3 Rxe3 29. Qxc6 Re1+ 30. Kg2 R8e2+ 31. Kh3 Kh7 32. Qxa6 Rc2 33. Qd3+ Re4 34. Qxc2 1-0


[Site "https://www.chess.com"]

[Event "Titled Tuesday Blitz November 07 Early 2023"]
[White "Ismayilova, Khanim"]
[Black "Cesar Maestre, Bernardo"]
[WhiteFideId "13429019"]
[BlackFideId "24542547"]
[WhiteElo "2146"]
[BlackElo "2410"]
[Result "0-1"]
[Round "5"]
[TimeControl "180+1"]
[Date "2023.11.07"]
[WhiteClock "0:01:04"]
[BlackClock "0:01:08"]
[Board "190"]

1. e4 c5 2. c3 Nf6 3. e5 Nd5 4. d4 cxd4 5. Nf3 d6 6. Bc4 Nb6 7. Bb3 Nc6 8. cxd4 dxe5 9. d5 Na5 10. Nxe5 Nxb3 11. Qxb3 Qxd5 12. Qxd5 Nxd5 13. O-O f6 14. Nc4 e5 15. f4 Bc5+ 16. Kh1 exf4 17. Bxf4 Nxf4 18. Rxf4 Be6 19. Re4 Kf7 20. Nc3 Rhe8 21. Na4 Bf8 22. Na5 b6 23. Nc6 Bd7 24. Rxe8 Rxe8 25. Rc1 Bxc6 26. Nc3 a6 27. h3 Bc5 28. Nb1 Re2 29. b4 Bxg2+ 0-1


[Site "https://www.chess.com"]

[Event "Titled Tuesday Blitz November 07 Early 2023"]
[White "Suspenser17"]
[Black "DonCiao"]
[WhiteElo "2406"]
[BlackElo "2138"]
[Result "1-0"]
[Round "5"]
[TimeControl "180+1"]
[Date "2023.11.07"]
[WhiteClock "0:00:22"]
[BlackClock "0:00:21"]
[Board "191"]

1. e4 c5 2. Nf3 Nc6 3. c3 Nf6 4. e5 Nd5 5. d4 cxd4 6. Bc4 Nb6 7. Bb3 d5 8. exd6 Qxd6 9. O-O dxc3 10. Qxd6 exd6 11. Nxc3 Be7 12. a4 O-O 13. a5 Nd7 14. Nd5 Bf6 15. Rd1 Ne7 16. Nxf6+ Nxf6 17. Bg5 d5 18. Rac1 Be6 19. Rc7 Nc6 20. a6 Na5 21. Bxf6 gxf6 22. Bxd5 Bxd5 23. Rxd5 Rad8 24. Rdd7 bxa6 25. Rxa7 Nc4 26. b4 Nb6 27. Rxd8 Rxd8 28. g4 Nd5 29. Rxa6 Nxb4 30. Rxf6 Rd1+ 31. Kg2 Nd5 32. Rf5 Kg7 33. Ng5 f6 34. Ne6+ Kf7 35. Nd8+ Ke7 36. Nc6+ Kd6 37. Nd8 Ke7 38. Nb7 Rd2 39. Kg3 Rd3+ 40. f3 Rd2 41. Nc5 Ne3 42. Rf4 Rg2+ 43. Kh3 Rc2 44. Re4+ Kd6 45. Nb7+ Kc7 46. Rxe3 Kxb7 47. Re7+ Kc6 48. Rxh7 Kd6 49. Kg3 Ke6 50. h4 Rc1 51. h5 Rg1+ 52. Kf4 Rh1 53. Rg7 Rh2 54. Rg6 Kf7 55. Kf5 Rh3 56. Rxf6+ Kg7 57. Rg6+ Kh7 58. f4 Rh4 59. Kg5 Rh1 60. f5 Ra1 61. Rc6 Ra5 62. Rc7+ Kg8 63. Kg6 Ra6+ 64. f6 Kf8 65. Rc8# 1-0


[Site "https://www.chess.com"]

[Event "Titled Tuesday Blitz November 07 Early 2023"]
[White "Begunov, Konstantin"]
[Black "Osiecki, Stanislaw"]
[WhiteFideId "4118510"]
[BlackFideId "1102990"]
[WhiteElo "2403"]
[BlackElo "2114"]
[Result "1-0"]
[Round "5"]
[TimeControl "180+1"]
[Date "2023.11.07"]
[WhiteClock "0:00:06"]
[BlackClock "0:00:00"]
[Board "192"]

1. d4 Nf6 2. c4 g6 3. f3 Bg7 4. e4 d6 5. Nc3 O-O 6. Be3 e5 7. Nge2 c6 8. Qd2 Ne8 9. O-O-O f5 10. dxe5 Bxe5 11. f4 Bxc3 12. Nxc3 fxe4 13. Nxe4 Bg4 14. Re1 d5 15. Nc3 Nf6 16. cxd5 cxd5 17. Bc5 Rf7 18. h3 Bc8 19. g4 b6 20. Ba3 Bb7 21. g5 Nh5 22. Bb5 Nd7 23. Nxd5 Bxd5 24. Qxd5 Nxf4 25. Qb3 Rc8+ 26. Kb1 Kg7 27. Rd1 Qe7 28. Rhe1 Qd8 29. Re4 Qc7 30. Rxf4 Qxf4 31. Bxd7 Rd8 32. Qd3 Rdxd7 33. Qc3+ 1-0


[Site "https://www.chess.com"]

[Event "Titled Tuesday Blitz November 07 Early 2023"]
[White "Flis, Pawel"]
[Black "Matveeva, Olga"]
[WhiteFideId "1112864"]
[BlackFideId "24107018"]
[WhiteElo "2124"]
[BlackElo "2399"]
[Result "0-1"]
[Round "5"]
[TimeControl "180+1"]
[Date "2023.11.07"]
[WhiteClock "0:00:44"]
[BlackClock "0:01:41"]
[Board "193"]

1. e4 c6 2. d4 d5 3. exd5 cxd5 4. c4 Nf6 5. Nc3 Nc6 6. Nf3 e6 7. Bf4 dxc4 8. Bxc4 Bb4 9. O-O O-O 10. a3 Bd6 11. Bg5 Be7 12. Bd3 Bd7 13. Rc1 Rc8 14. Bb1 Nd5 15. Qd3 g6 16. Bh6 Re8 17. Nxd5 exd5 18. Rfe1 Bf6 19. h3 Bf5 20. Qb5 Bxb1 21. Rxb1 Nxd4 22. Nxd4 Bxd4 23. Rxe8+ Qxe8 24. Qxb7 Rc2 25. Qxd5 Bxf2+ 26. Kh1 Re2 27. b4 Re1+ 28. Rxe1 Qxe1+ 29. Kh2 Qg1# 0-1


[Site "https://www.chess.com"]

[Event "Titled Tuesday Blitz November 07 Early 2023"]
[White "Kukreja Sankalp"]
[Black "Dahlgren, James Allen"]
[WhiteFideId "45027676"]
[BlackFideId "22256873"]
[WhiteElo "2399"]
[BlackElo "2086"]
[Result "1-0"]
[Round "5"]
[TimeControl "180+1"]
[Date "2023.11.07"]
[WhiteClock "0:01:19"]
[BlackClock "0:00:23"]
[Board "194"]

1. e4 e6 2. d4 c5 3. c3 d5 4. e5 Qb6 5. Nf3 Bd7 6. a3 Bb5 7. Bxb5+ Qxb5 8. b4 cxb4 9. cxb4 a5 10. Nc3 Qc4 11. Qa4+ Nc6 12. Nb5 Rc8 13. Bd2 axb4 14. axb4 Bxb4 15. Bxb4 Qxb4+ 16. Qxb4 Nxb4 17. Nd6+ Kd7 18. Nxc8 Nc2+ 19. Kd2 Nxa1 20. Rxa1 Kxc8 21. Ra8+ Kd7 22. Ng5 Ke7 23. Rb8 f6 24. Rxb7+ Kf8 25. Nxe6+ Ke8 26. Nxg7+ Kd8 27. Ne6+ Ke8 28. exf6 Nxf6 29. Rb8+ Kf7 30. Rxh8 Kxe6 31. Ke3 Kf5 32. Rf8 Kg6 33. Rxf6+ Kxf6 34. Kf4 1-0


[Site "https://www.chess.com"]

[Event "Titled Tuesday Blitz November 07 Early 2023"]
[White "Ghosh, Chanchal Kumer"]
[Black "Marcziter, Dmitrii"]
[WhiteFideId "10201858"]
[BlackFideId "13900765"]
[WhiteElo "1968"]
[BlackElo "2393"]
[Result "0-1"]
[Round "5"]
[TimeControl "180+1"]
[Date "2023.11.07"]
[WhiteClock "0:00:00"]
[BlackClock "0:00:14"]
[Board "195"]

1. e4 c5 2. Nf3 a6 3. d4 cxd4 4. Nxd4 e6 5. c4 Nf6 6. Bd3 Qc7 7. O-O Bc5 8. Nb3 Be7 9. Be3 d6 10. Nc3 Nc6 11. f4 O-O 12. g4 Nb4 13. g5 Nd7 14. Be2 g6 15. h4 Re8 16. h5 Bf8 17. hxg6 fxg6 18. Rf2 Bg7 19. Rc1 b6 20. Qf1 Bb7 21. Qg2 Qd8 22. a3 Nc6 23. Qh3 Nf8 24. Rd1 Qc7 25. Bf3 Na5 26. Nxa5 bxa5 27. Rh2 Qxc4 28. Rxd6 Rad8 29. Rhd2 Rxd6 30. Rxd6 Qc7 31. Rd3 Rd8 32. Rxd8 Qxd8 33. Qf1 h6 34. Qc4 hxg5 35. fxg5 Qd6 36. Kg2 Qe5 37. Qc5 Nd7 38. Qe7 Bc6 39. Qd8+ Nf8 40. Qe7 Bb5 41. Bc5 Qf4 42. Ne2 Qd2 43. b4 Bxe2 44. Bxe2 Qxe2+ 45. Kg3 axb4 46. Bd6 bxa3 47. Bxa3 Qxe4 48. Bd6 Qf5 0-1


[Site "https://www.chess.com"]

[Event "Titled Tuesday Blitz November 07 Early 2023"]
[White "Goldin, Roman"]
[Black "Winkels, Marcel"]
[WhiteFideId "2803860"]
[BlackFideId "1003887"]
[WhiteElo "2393"]
[BlackElo "2076"]
[Result "1-0"]
[Round "5"]
[TimeControl "180+1"]
[Date "2023.11.07"]
[WhiteClock "0:02:01"]
[BlackClock "0:02:00"]
[Board "196"]

1. Nf3 Nf6 2. g3 g6 3. Bg2 Bg7 4. O-O d5 5. d3 O-O 6. Nbd2 c5 7. e4 Nc6 8. exd5 Nxd5 9. Re1 Bg4 10. h3 Bf5 11. Nc4 Nd4 12. c3 Nxf3+ 13. Qxf3 Nb6 14. Qxb7 Qxd3 15. Nxb6 axb6 16. Qxb6 Rac8 17. Rxe7 Bf6 18. Qxf6 1-0


[Site "https://www.chess.com"]

[Event "Titled Tuesday Blitz November 07 Early 2023"]
[White "La Villa Rivas, Marlon Javier"]
[Black "Mohammadian,Mohammad"]
[WhiteFideId "3519546"]
[BlackFideId "12566055"]
[WhiteElo "2392"]
[BlackElo "1870"]
[Result "0-1"]
[Round "5"]
[TimeControl "180+1"]
[Date "2023.11.07"]
[WhiteClock "0:00:25"]
[BlackClock "0:00:43"]
[Board "197"]

1. e4 e5 2. Nf3 Nc6 3. Bb5 a6 4. Ba4 Nf6 5. d3 b5 6. Bb3 Be7 7. g4 h6 8. g5 hxg5 9. Bxg5 d6 10. Nc3 Bg4 11. Bxf6 Bxf6 12. Rg1 Bh5 13. Rg3 Nd4 14. Nd5 Bh4 15. c3 Bxg3 16. cxd4 Bxh2 17. Qc2 Bxf3 18. Nxc7+ Kf8 19. Nxa8 Qxa8 20. Qc7 Qe8 21. Qxd6+ Kg8 22. Bd1 Bxd1 23. Rxd1 exd4 24. Qxd4 Be5 25. Qb4 Rh1+ 26. Ke2 Rxd1 27. Kxd1 Qb8 28. Ke2 Bf6 29. d4 Qb6 30. e5 Bg5 31. Qc3 Qd8 32. Qg3 Be7 33. Qe3 Qd5 34. f4 Qxa2 35. f5 Qxb2+ 36. Kf3 Bb4 37. Qe4 Qc3+ 38. Kg4 Qc8 39. e6 fxe6 40. fxe6 Be7 41. d5 Qc4 42. Kf5 Qxe4+ 43. Kxe4 Kf8 44. Ke5 Bf6+ 45. Kd6 Ke8 46. Kc7 Be5+ 47. d6 Bxd6+ 48. Kxd6 g5 49. Kc5 g4 50. Kd4 g3 51. Ke3 Ke7 52. Kf3 Kxe6 53. Kxg3 Kd5 54. Kf2 Kc4 55. Ke2 Kc3 56. Kd1 Kb2 57. Kd2 a5 58. Kd3 a4 0-1


[Site "https://www.chess.com"]

[Event "Titled Tuesday Blitz November 07 Early 2023"]
[White "Dmitrenko, Viktor"]
[Black "Thake, Conrad"]
[WhiteFideId "14110270"]
[BlackFideId "5602947"]
[WhiteElo "2389"]
[BlackElo "1807"]
[Result "1-0"]
[Round "5"]
[TimeControl "180+1"]
[Date "2023.11.07"]
[WhiteClock "0:00:10"]
[BlackClock "0:00:11"]
[Board "199"]

1. e4 e6 2. d4 b6 3. Bd3 Bb7 4. Qe2 c5 5. d5 e5 6. c4 d6 7. Nc3 Nf6 8. h3 Be7 9. Nf3 h6 10. O-O g5 11. Nh2 Rg8 12. Ng4 Nxg4 13. Qxg4 Bc8 14. Qh5 Rg6 15. Be2 Nd7 16. Qf3 Nf6 17. g4 Bd7 18. Kh2 Qc7 19. Rg1 O-O-O 20. Qe3 Rh8 21. Kg2 h5 22. Kf1 hxg4 23. hxg4 Rh4 24. f3 Ne8 25. Bd2 Rgh6 26. Be1 Rh3 27. Bf2 Rh1 28. Ke1 Rxg1+ 29. Bxg1 Rh1 30. Kd2 a6 31. Rf1 Kb7 32. Bf2 Rxf1 33. Bxf1 f6 34. Bd3 Qc8 35. Qe1 Nc7 36. Qh1 Qg8 37. Qh6 Ne8 38. Ne2 Qg7 39. Qh5 Kc7 40. Ng3 Kd8 41. Be3 Nc7 42. a3 Be8 43. Qh3 Bd7 44. b4 Kc8 45. Kc3 Kb7 46. bxc5 dxc5 47. Qh5 Be8 48. Qh3 Bd7 49. Qh5 Be8 50. Qh1 Bd7 51. Nh5 Qf8 52. a4 Bxa4 53. Bc2 Bxc2 54. Kxc2 b5 55. cxb5 Nxb5 56. Qb1 Kb6 57. Ng3 Qc8 58. Nf5 Bd8 59. Qb3 Ka7 60. d6 Bb6 61. Qd5 c4 62. Bxb6+ Kxb6 63. Ne7 Qd7 64. Nf5 c3 65. Qb3 Ka7 66. Qd5 Nd4+ 67. Nxd4 Qa4+ 68. Nb3 Qa2+ 69. Kxc3 Qf2 70. Qc5+ Qxc5+ 71. Nxc5 Kb6 72. Kc4 Kc6 73. d7 Kc7 74. Nxa6+ Kxd7 75. Nc5+ Ke7 76. Kd5 Kf7 77. Nd7 Kg7 78. Nxf6 Kxf6 79. Kd6 Kg6 80. Kxe5 Kh6 81. Kf6 Kh7 82. e5 Kg8 83. Kxg5 Kf7 84. f4 Ke7 85. f5 Kf8 86. Kg6 Kg8 87. g5 Kh8 88. e6 Kg8 89. e7 1-0


[Site "https://www.chess.com"]

[Event "Titled Tuesday Blitz November 07 Early 2023"]
[White "LeoWin2012"]
[Black "Becerra, Juan David"]
[BlackFideId "4404998"]
[WhiteElo "2269"]
[BlackElo "2366"]
[Result "1-0"]
[Round "5"]
[TimeControl "180+1"]
[Date "2023.11.07"]
[WhiteClock "0:00:26"]
[BlackClock "0:00:00"]
[Board "200"]

1. e4 e6 2. d4 d5 3. Nc3 Bb4 4. Ne2 c5 5. exd5 Qxd5 6. a3 Bxc3+ 7. Nxc3 Qxd4 8. Qxd4 cxd4 9. Nb5 Na6 10. Nxd4 e5 11. Nb5 Ne7 12. Nd6+ Kd7 13. Nxf7 Rf8 14. Nxe5+ Ke6 15. Nf3 b6 16. Bc4+ Kd7 17. O-O Bb7 18. Rd1+ Kc7 19. Ne5 Nc5 20. b4 Rf5 21. Bb2 Rg5 22. bxc5 Bxg2 23. Rd7+ Kc8 24. f4 Bh3+ 25. fxg5 Bxd7 26. Nxd7 Kxd7 27. cxb6 axb6 28. Rd1+ Kc7 29. Be5+ Kc8 30. Bxg7 Ra4 31. Be6+ Kb8 32. Bf6 Ng6 33. Bf7 Rg4+ 34. Kf2 Rf4+ 35. Ke3 Rh4 36. Bxg6 hxg6 37. Rd2 Rh3+ 38. Ke4 Rxa3 39. Ke5 Kc7 40. Ke6 Rh3 41. Kf7 b5 42. Kxg6 b4 43. Kf7 Kc6 44. g6 Kb5 45. g7 1-0


[Site "https://www.chess.com"]

[Event "Titled Tuesday Blitz November 07 Early 2023"]
[White "Cheer_Down"]
[Black "Sviridova, Vlada"]
[BlackFideId "24109606"]
[WhiteElo "2365"]
[BlackElo "2214"]
[Result "1-0"]
[Round "5"]
[TimeControl "180+1"]
[Date "2023.11.07"]
[WhiteClock "0:00:52"]
[BlackClock "0:00:02"]
[Board "201"]

1. e4 e6 2. d4 d5 3. Nc3 Bb4 4. e5 c5 5. a3 Bxc3+ 6. bxc3 Ne7 7. h4 Qc7 8. Rb1 b6 9. h5 h6 10. Qg4 Nf5 11. Bb5+ Bd7 12. Bd3 O-O 13. Ne2 Kh8 14. Rh3 Nc6 15. Bxf5 exf5 16. Qf4 Ne7 17. Rg3 Qc6 18. Kf1 a5 19. Kg1 a4 20. Be3 cxd4 21. Nxd4 Qxc3 22. Rxg7 Ng8 23. Rxg8+ Kxg8 24. Rxb6 Rab8 25. Rxh6 f6 26. exf6 Kf7 27. Rh7+ Ke8 28. Qe5+ Kd8 29. Qe7+ Kc7 30. Qxd7+ Kb6 31. Qa7# 1-0


[Site "https://www.chess.com"]

[Event "Titled Tuesday Blitz November 07 Early 2023"]
[White "kingapolak"]
[Black "KorolDimitriy75"]
[WhiteElo "2168"]
[BlackElo "2331"]
[Result "0-1"]
[Round "5"]
[TimeControl "180+1"]
[Date "2023.11.07"]
[WhiteClock "0:00:00"]
[BlackClock "0:00:16"]
[Board "202"]

1. e4 c5 2. Nf3 d6 3. d4 cxd4 4. Nxd4 Nf6 5. Nc3 g6 6. f4 Nbd7 7. Bc4 Bg7 8. O-O O-O 9. Kh1 Nc5 10. e5 dxe5 11. fxe5 Ng4 12. Bf4 Nxe5 13. Be2 Ne6 14. Nxe6 Bxe6 15. Qe1 Qb6 16. Qg3 Nc6 17. Rab1 Rac8 18. Bd3 Nb4 19. a3 Nxd3 20. Qxd3 Bc4 21. Qf3 Bxf1 22. Qxf1 Rfd8 23. Ne4 Rxc2 24. Bg3 Rxb2 25. Re1 h6 26. Bf2 Qb5 27. Bc5 Qxf1+ 28. Rxf1 e6 29. Be7 Rd3 30. Bf6 Bxf6 31. Nxf6+ Kg7 32. Ne4 Rxa3 0-1


[Site "https://www.chess.com"]